 Dungeon Crawl Stone Soup version 0.24-a0-630-g0d56a85 (webtiles) character file.

Game seed: 11828089574216147329, levelgen mode: deterministic

84 BoppinsLewinski the Cudgeler (level 4, -1/30 HPs)
             Began as a Human Gladiator on Sept 19, 2019.
             Slain by an adder (2 damage)
             ... on level 3 of the Dungeon.
             The game lasted 00:03:18 (1747 turns).

BoppinsLewinski the Cudgeler (Human Gladiator)      Turns: 1747, Time: 00:03:18

Health: -1/30      AC:  4    Str: 20    XL:     4   Next: 74%
Magic:  4/4        EV: 12    Int:  8    God:
Gold:   75         SH:  0    Dex: 15    Spells: 3/3 levels left

rFire    + . .     SeeInvis .   a - +0 flail
rCold    + . .     Gourm    .   (no shield)
rNeg     . . .     Faith    .   n - -2 ring mail (curse)
rPois    +         Spirit   .   m - +1 hat
rElec    +         Reflect  .   (no cloak)
rCorr    +         Harm     .   (no gloves)
MR       .....                  (no boots)
Stlth    +.........             (no amulet)
HPRegen  0.10/turn              (no ring)
MPRegen  0.09/turn              (no ring)

@: mighty, lethally poisoned (-1 -> -3), resistant, very slow
A: frail 1, evolution 1
a: no special abilities


You were on level 3 of the Dungeon.
You were hungry.

You visited 1 branch of the dungeon, and saw 3 of its levels.

You collected 75 gold pieces.

Inventory:

Hand Weapons
 a - a +0 flail (weapon)
Missiles
 d - 3 throwing nets (quivered)
Armour
 b - a +0 leather armour
 c - a +0 helmet
 m - a +1 hat (worn)
 n - a cursed -2 ring mail (worn)
Scrolls
 e - 4 scrolls of immolation {unknown}
 g - 2 scrolls of teleportation {unknown}
 l - a scroll of identify {unknown}
Comestibles
 f - 5 rations


   Skills:
 + Level 2.6 Fighting
 * Level 4.0 Maces & Flails
 - Level 2.0 Throwing
 + Level 1.4 Armour
 + Level 3.4 Dodging


You had 3 spell levels left.
You didn't know any spells.
Your spell library was empty.

Dungeon Overview and Level Annotations

Branches:
Dungeon (3/15)

Altars:
Nemelex Xobeh


Innate Abilities, Weirdness & Mutations

You are frail. (-10% HP)
You evolve.


Message History

Tha adder bites ye but does nay damage. x2; Tha adder bites ye.
* * * LOW HITPOINT WARNIN'
* * * Ye be poison'd.
Tha adder poisons ye!
Ye sock tha adder!
Tha adder be severely wounded.
Ye feel sick.
Tha adder bites ye but does nay damage.
Tha adder barely misses ye.
Tha adder misses ye.
Tha adder bites ye but does nay damage. x2; Tha adder misses ye.
Ye feel sick.
Tha jackal bites ye but does nay damage.
Tha adder bites ye but does nay damage.
Tha adder closely misses ye.
Ye enter tha shallow water.
Movin' in 'tis stuff be goin' ta be slow.
Tha adder bites ye.
* * * LOW HITPOINT WARNIN' * * *
* * * LOW HITPOINT WARNIN'
* * * Ye feel sick.
Tha adder bites ye.
Ye die...

.##.## ..# ##...##.h#
#.....##.# .......#h#
.(._.....# .......#.#
######### #.....##.####
≈≈≈≈≈≈≈##
##...##..†.†####≈#≈#≈≈.#
##.##..###)..≈h@≈≈.≈..#
#....## #....S≈......#
###### #....Sh......#
#............#
##############


You could see 2 adders and 2 jackals.

Vanquished Creatures
  3 adders (D:2)
  A river rat (D:3)
  An ooze (D:2)
  2 worms (D:2)
  A giant cockroach (D:1)
  4 goblins
  2 hobgoblins (D:1)
  3 jackals
  7 kobolds
  A quokka (D:2)
  6 bats
  3 frilled lizards
  7 rats
41 creatures vanquished.

Notes
Turn   | Place    | Note
-------+----------+-------------------------------------------
     0 | D:1      | BoppinsLewinski the Human Gladiator began the quest for the
                  | Orb.
     0 | D:1      | Reached XP level 1. HP: 16/16 MP: 1/1
   116 | D:1      | Reached XP level 2. HP: 16/22 MP: 2/2
   459 | D:1      | Reached XP level 3. HP: 24/27 MP: 3/3
   664 | D:2      | Reached skill level 1 in Armour
  1274 | D:2      | Reached XP level 4. HP: 32/34 MP: 4/4
  1693 | D:3      | Found a sparkling altar of Nemelex Xobeh.
  1719 | D:3      | Gained mutation: You are frail. (-10% HP) [potion of
                  | mutation]
  1719 | D:3      | Gained mutation: You evolve. [potion of mutation]
  1729 | D:3      | Reached skill level 4 in Maces & Flails
  1747 | D:3      | HP: 1/30 [poisoned by an adder]
  1747 | D:3      | Slain by an adder

Levels and vault maps discovered:
D:1:      elethiomel_arrival_shortcut, layout_loops_cross
D:2:      layout_basic
D:3:      layout_basic, lemuel_round_altar, lightli_sewer_entry_pipes,
          first_ration, serial_co_window_serial, co_window_paths_a,
          co_window_paths_b, co_window_paths_a, co_window_paths_a,
          co_window_corner_a, co_window_paths_a, co_window_2corner,
          co_window_of_opportunity_c, co_window_unsneaky_path_d,
          co_window_broadway_b, co_window_unsneaky_path_a, co_window_4corner_a

Skill      XL: |  1  2  3  4 |
---------------+-------------+-----
Armour         | 1 |  1.4
Maces & Flails | 4 |  4.0
Fighting       | |  2.6
Throwing       | |  2.0
Dodging        | |  3.4

Action                   |  1- 3 |  4- 6 || total
-------------------------+-------+-------++-------
Melee: Flail             |    87 |    47 ||   134
  Use: Potion            |       |     5 ||     5
 Stab: Sleeping          |     5 |       ||     5
  Eat: Chunk             |       |     2 ||     2
Armor: Leather armour    |    22 |     5 ||    27
       Ring mail         |       |    23 ||    23
Dodge: Dodged            |    79 |    73 ||   152

Table legend:
 A = Non-vault XP
 B = Vault XP
 C = Vault XP percentage of total XP
 D = Non-vault monster count
 E = Vault monster count
 F = Vault count percentage of total count
                 A         B        C        D         E       F
            +---------+---------+-------+---------+---------+-------
      Total |     105 |      16 |  13.2 |      38 |       3 |   7.3
            +---------+---------+-------+---------+---------+-------
        D:1 |      30 |       0 |   0.0 |      20 |       0 |   0.0
        D:2 |      67 |       0 |   0.0 |      13 |       0 |   0.0
        D:3 |       8 |      16 |  66.7 |       5 |       3 |  37.5
            +---------+---------+-------+---------+---------+-------
